Map: Dash and Terminal LE (Void)

Players

FoXx - Winner!

  • Race: Zerg Zerg
  • League: Diamond

LiquidMaNa

  • Race: Protoss Protoss
  • League: Master

VOD

Have the link to the VOD?

Description

Ladder game played Oct 31st 2015

Time

  • Played on: Oct. 31, 2015, 1:27 p.m.
  • Length: 8:05
Show
View Real Time Build Order
Export as new Build Order

FoXx Zerg - Winner!

Build Orders: Hatch First 

Get SALT Encoding   

  12  0:01  Drone  
  13  0:08  Drone  
  14  0:16  Overlord  
  14  0:24  Drone, Extractor  
  15  0:34  Drone x2  
  17  0:52  Hatchery  
  17  0:54  Drone  
  17  0:57  Drone  
  18  1:10  Spawning Pool  
  17  1:13  Extractor  
  17  1:15  Drone  
  17  1:18  Drone  
  18  1:26  Drone  
  20  1:40  Drone  
  20  1:52  Drone  
  21  1:56  Hatchery  
  21  1:58  Queen  
  22  2:05  Queen  
  24  2:09  Drone  
  24  2:14  Overlord  
  25  2:18  Drone  
  25  2:21  Drone  
  27  2:26  Metabolic Boost  
  28  2:30  Zergling x2  
  28  2:33  Zergling x2  
  29  2:37  Drone x2  
  31  2:44  Queen  
  33  2:52  Overlord  
  33  2:53  Drone x2  
  33  2:57  Drone  
  36  3:06  Overlord  
  36  3:08  Drone  
  36  3:09  Drone x3  
  40  3:15  Drone x3  
  42  3:24  Queen  
  42  3:25  Drone  
  45  3:27  Drone x2  
  47  3:34  Overlord  
  47  3:38  Lair  
  47  3:42  Extractor  
  47  3:43  Extractor  
  47  3:46  Roach Warren  
  47  3:48  Drone x3  
  47  3:52  Queen  
  49  3:57  Drone x2  
  49  3:58  Drone  
  49  4:02  Drone  
  53  4:16  Drone x3  
  56  4:22  Zergling x16  
  56  4:23  Zergling x2  
  65  4:24  Overlord x2  
  65  4:38  Glial Reconstitution  
  65  4:44  Overlord  
  65  4:50  Roach x7  
  65  4:51  Roach  
  81  4:55  Drone  
  81  5:07  Roach  
  81  5:08  Roach x3  
  81  5:11  Overlord x4  
  87  5:31  Roach x10  
  100  5:47  Drone x5, Queen  
  100  5:48  Queen  
  103  5:53  Drone x2, Extractor  
  103  5:54  Drone x2  
  103  5:55  Hydralisk Den  
  103  6:01  Roach  
  103  6:02  Roach x3  
  111  6:06  Overlord  
  111  6:14  Drone x2  
  111  6:17  Drone x2  
  95  6:36  Roach x12  
  95  6:38  Overlord  
  95  6:39  Muscular Augments  
  117  6:44  Overlord  
  117  6:50  Drone x2, Extractor  
  117  6:51  Extractor  
  117  6:58  Ravager x2  
  117  6:59  Hydralisk x2  
  117  7:01  Overlord  
  123  7:02  Zergling x12  
  129  7:13  Hydralisk x3  
  135  7:20  Zergling x8  
  139  7:27  Hydralisk x3  
  139  7:29  Zergling x4  
  148  7:30  Zergling x2  
Show
View Real Time Build Order
Export as new Build Order

LiquidMaNa Protoss 

Build Orders: 1 Gate Expand 

Get SALT Encoding   

  12  0:01  Probe (Chrono Boost)  
  13  0:13  Probe (Chrono Boost)  
  14  0:17  Pylon  
  14  0:24  Probe (Chrono Boost)  
  16  0:35  Probe (Chrono Boost)  
  16  0:40  Gateway  
  16  0:46  Probe (Chrono Boost)  
  17  0:56  Probe (Chrono Boost)  
  18  1:07  Probe (Chrono Boost)  
  19  1:15  Nexus  
  19  1:18  Probe (Chrono Boost)  
  20  1:28  Probe (Chrono Boost)  
  20  1:30  Assimilator  
  21  1:36  Cybernetics Core  
  21  1:40  Probe (Chrono Boost)  
  22  1:49  Assimilator  
  22  1:51  Probe (Chrono Boost)  
  23  2:01  Pylon  
  23  2:19  Probe (Chrono Boost)  
  23  2:20  Stalker (Chrono Boost)  
  26  2:27  Probe (Chrono Boost)  
  26  2:28  Warp Gate (Chrono Boost)  
  27  2:30  Probe  
  28  2:37  Probe  
  28  2:42  Probe  
  30  2:47  Mothership Core  
  32  2:52  Adept (Chrono Boost)  
  32  2:57  Gateway  
  35  2:58  Gateway, Probe  
  35  3:06  Probe  
  35  3:08  Pylon  
  35  3:10  Probe  
  37  3:17  Probe  
  40  3:20  Adept  
  40  3:24  Probe  
  41  3:27  Probe  
  41  3:30  Robotics Facility  
  42  3:36  Probe  
  42  3:38  Probe  
  44  3:41  Forge  
  44  3:48  Probe  
  44  3:50  Probe  
  44  3:53  Sentry x2, Adept  
  52  3:57  Pylon  
  52  4:00  Probe x2  
  52  4:01  Protoss Ground Weapons Level 1 (Chrono Boost)  
  54  4:09  Assimilator  
  54  4:10  Assimilator  
  54  4:14  Probe  
  54  4:15  Probe  
  56  4:19  Warp Prism (Chrono Boost)  
  58  4:25  Pylon  
  58  4:27  Probe  
  59  4:33  Probe  
  60  4:39  Probe  
  60  4:41  Pylon  
  60  4:45  Stalker x2, Adept  
  63  4:49  Probe  
  63  4:51  Probe  
  69  4:58  Observer (Chrono Boost)  
  70  5:00  Pylon  
  70  5:04  Photon Cannon  
  70  5:17  Zealot x3  
  78  5:22  Immortal (Chrono Boost)  
  72  5:38  Adept x3  
  72  5:40  Probe x2  
  71  5:52  Probe x2  
  77  6:04  Probe x2, Immortal (Chrono Boost)  
  79  6:13  Sentry x3  
  79  6:16  Probe  
  86  6:19  Pylon  
  76  6:35  Probe x2  
  76  6:39  Immortal (Chrono Boost)  
  78  6:42  Twilight Council  
  78  6:46  Adept x2, Zealot  
  84  7:00  Probe x2  
  86  7:10  Robotics Bay  
  86  7:12  Immortal (Chrono Boost)  
  90  7:24  Adept x2  
  90  7:28  Pylon  
  94  7:30  Pylon  
  86  7:45  Adept  
  86  7:46  Adept  
  86  7:49  Pylon  
  86  7:58  Stalker  
Tags
 
Add a new tag
Caveats
  • Supply blocks, unpowered buildings, or Contaminate may cause inaccurate times.
  • Supply counts are checked every 10 seconds.